 Dungeon Crawl Stone Soup version 0.22.0-18-ge075c0de6d (webtiles) character file.

370 Jukra the Ruffian (level 6, 0/61 HPs)
             Began as a Troll Monk on Aug 18, 2018.
             Slain by a centaur (4 damage)
             ... on level 5 of the Dungeon.
             The game lasted 00:24:44 (2844 turns).

Jukra the Ruffian (Troll Monk)                      Turns: 2844, Time: 00:24:45

Health: 0/61       AC:  5    Str: 20    XL:     6   Next: 42%
Magic:  5/5        EV: 12    Int:  6    God:
Gold:   256        SH:  0    Dex: 19    Spells: 5/5 levels left

rFire    . . .     SeeInvis .     - Unarmed
rCold    . . .     Gourm    +   (no shield)
rNeg     . . .     Faith    .   a - +0 robe
rPois    .         Spirit   .   (helmet restricted)
rElec    .         Reflect  .   (no cloak)
rCorr    .         Harm     .   (gloves unavailable)
MR       .....                  (boots unavailable)
Stlth    ++........             (no amulet)
HPRegen  0.60/turn              n - +5 ring of dexterity
MPRegen  0.09/turn              (no ring)

@: no status effects
A: large, unfitting armour, claws 3, fast metabolism 3, gourmand, regeneration
1, shaggy fur 1, tough skin 2
a: no special abilities


You were on level 5 of the Dungeon.
You were very full.

You visited 1 branch of the dungeon, and saw 5 of its levels.

You collected 256 gold pieces.

Inventory:

Hand Weapons
 e - a +2 spear of piercing
 g - a +3 dagger
 k - a +2 vampiric spear
Armour
 a - a +0 robe (worn)
Jewellery
 n - a +5 ring of dexterity (left claw)
Wands
 o - a wand of paralysis (5)
Scrolls
 c - 2 scrolls of remove curse
 h - a scroll of teleportation {unknown}
 m - a scroll of amnesia
 p - a scroll of blinking {unknown}
 q - 2 scrolls of identify
 r - 3 scrolls of random uselessness {unknown}
 t - a scroll of enchant weapon
Potions
 d - a potion of flight {unknown}
 f - a potion of curing {unknown}
 i - 2 potions of brilliance {unknown}
 j - 2 potions of berserk rage {unknown}
 l - 2 potions of invisibility {unknown}
 s - a potion of ambrosia {unknown}
Comestibles
 b - 7 rations


   Skills:
 * Level 3.1 Fighting
 * Level 3.6 Dodging
 * Level 1.6 Stealth
 * Level 5.5 Unarmed Combat


You had 5 spell levels left.
You didn't know any spells.
Your spell library was empty.

Dungeon Overview and Level Annotations

Branches:
Dungeon (5/15)
 Temple: D:4-7

Altars:
Elyvilon
Kikubaaqudgha
Xom
The Shining One


Innate Abilities, Weirdness & Mutations

You are too large for most types of armour.
You have claws for hands.
Your metabolism is lightning-fast.
You like to eat raw meat.
Your natural rate of healing is unusually fast.
You are covered in fur. (AC +1)
You have very tough skin. (AC +2)


Message History

The orc closely misses you.
There is a stone staircase leading up here.
There is an escape hatch in the floor here.
The centaur unwields an uncursed shortbow.
The centaur barely misses you. The orc barely misses you. The orc misses you.
You slide downwards.
The hatch slams shut behind you.
A worker ant comes into view.
Found 7 gold pieces.
You are too injured to fight recklessly!
You are too injured to fight recklessly!
You are too injured to fight recklessly!
You claw the centaur! You claw the centaur.
The centaur is heavily wounded.
The centaur hits you.
* * * LOW HITPOINT WARNING * * *
The orc barely misses you. x2; The centaur barely misses you.
You scratch the centaur.
The centaur is almost dead.
The centaur hits you.
You die...

.# ## .# #. .$#
#. .a#
###.###.##
#........##
.###....c....##
......o@.......
.###....o....##
#........##
###.###.## #.
.# #. # #. ##


You could see a centaur, a worker ant (sleeping) and 2 orcs.

Vanquished Creatures
  A crimson imp (D:2)
  2 orc wizards (D:4)
  Ijyb (D:3)
  2 iguanas (D:4)
  A worker ant (D:4)
  Robin (D:3)
  2 gnolls (D:4)
  6 adders
  An ooze (D:2)
  2 dart slugs (D:1)
  2 leopard geckos (D:1)
  An orc (D:4)
  A ball python (D:2)
  2 bat zombies (D:3)
  2 giant cockroaches
  16 goblins
  12 hobgoblins
  6 jackals
  2 quokkas
  8 bats
  2 frilled lizards (D:3)
  9 kobolds
  11 rats
  4 rat zombies (D:3)
97 creatures vanquished.

Notes
Turn   | Place    | Note
-------+----------+-------------------------------------------
     0 | D:1      | Jukra the Troll Monk began the quest for the Orb.
     0 | D:1      | Reached XP level 1. HP: 22/22 MP: 0/0
    79 | D:1      | Reached XP level 2. HP: 23/29 MP: 1/1
   436 | D:1      | Reached XP level 3. HP: 36/36 MP: 2/2
   613 | D:1      | Found a hide-covered altar of Uskayaw.
   615 | D:1      | Found a shimmering altar of Xom.
   615 | D:1      | Found an ancient bone altar of Kikubaaqudgha.
   620 | D:1      | Found a basalt altar of Yredelemnul.
   620 | D:1      | Found a shimmering altar of Xom.
   620 | D:1      | Found a shimmering altar of Xom.
  1092 | D:2      | Reached XP level 4. HP: 44/44 MP: 3/3
  1281 | D:2      | Reached skill level 4 in Unarmed Combat
  1453 | D:2      | Found a glowing golden altar of the Shining One.
  1581 | D:3      | Found a white marble altar of Elyvilon.
  1689 | D:3      | Found an ancient bone altar of Kikubaaqudgha.
  1844 | D:3      | Reached XP level 5. HP: 46/52 MP: 4/4
  1874 | D:3      | Noticed Ijyb
  1877 | D:3      | Paralysed by Ijyb for 3 turns
  1888 | D:3      | Paralysed by Ijyb for 3 turns
  1895 | D:3      | Killed Ijyb
  2004 | D:3      | Noticed Robin
  2022 | D:3      | Killed Robin
  2549 | D:4      | Reached skill level 5 in Unarmed Combat
  2583 | D:4      | Reached XP level 6. HP: 31/61 MP: 5/5
  2842 | D:5      | Entered Level 5 of the Dungeon
  2844 | D:5      | Slain by a centaur

Skill      XL: |  1  2  3  4  5 |
---------------+----------------+-----
Dodging        | 3 |  3.6
Unarmed Combat | 4 5 |  5.5
Fighting       | 3 |  3.1
Stealth        | |  1.6

Action                   |  1- 3 |  4- 6 || total
-------------------------+-------+-------++-------
Melee: Unarmed           |    79 |   180 ||   259
       Punch             |     1 |     5 ||     6
  Use: Scroll            |       |     5 ||     5
 Stab: Sleeping          |     2 |     6 ||     8
  Eat: Chunk             |     7 |    23 ||    30
Armor: Robe              |    26 |    36 ||    62
Dodge: Dodged            |    45 |   114 ||   159
